 Dungeon Crawl Stone Soup version 0.26.1-11-gd32895ea62 (webtiles) character file.

Game seed: 1453858969657478099

3509 tizbic2 the Nimble (level 10, -16/56 HPs)
             Began as a Tengu Wanderer on June 27, 2021.
             Was an Elder of Okawaru.
             Killed from afar by Harold (22 damage)
             ... with a harpoon shot
             ... on level 6 of the Dungeon.
             The game lasted 00:44:01 (6810 turns).

tizbic2 the Nimble (Tengu Wanderer)                 Turns: 6810, Time: 00:44:02

Health: -16/56     AC:  5    Str: 14    XL:     10   Next: 7%
Magic:  21/21      EV: 18    Int: 12    God:    Okawaru [****..]
Gold:   416        SH:  0    Dex: 12    Spells: 7/9 levels left

rFire    . . .     SeeInvis .   n - +3 dagger (elec)
rCold    . . .     Faith    .   (no shield)
rNeg     . . .     Spirit   .   c - +0 ring mail
rPois    +         Reflect  .   (helmet restricted)
rElec    .         Harm     .   (no cloak)
rCorr    .         Rampage  .   (no gloves)
Will     +....                  (boots unavailable)
Stlth    +.........             q - amulet of regeneration
HPRegen  0.58/turn              j - ring of magical power
MPRegen  0.17/turn              p - ring of poison resistance

@: brilliant, marked, flying quickly and evasively, quick
A: beak, talons 3, clumsy 2, strong-willed 1, able to fly
a: Stop Flying, Renounce Religion, Heroism


You were on level 6 of the Dungeon.
You worshipped Okawaru.
Okawaru was greatly pleased with you.
You visited 1 branch of the dungeon, and saw 7 of its levels.

You collected 416 gold pieces.

Inventory:

Hand Weapons
 e - a +0 falchion
 n - a +3 dagger of electrocution (weapon)
Missiles
 b - a curare-tipped dart (quivered)
 f - 18 poisoned darts
 g - 80 stones
 o - 3 silver javelins
 F - 2 boomerangs
Armour
 c - a +0 ring mail (worn)
 A - a +1 robe of willpower
Jewellery
 j - a ring of magical power (left hand)
 p - a ring of poison resistance (right hand)
 q - an amulet of regeneration (around neck)
 r - an uncursed ring of protection from cold
 y - an uncursed ring of protection from fire
 B - an uncursed ring of wizardry
 D - an uncursed amulet of the acrobat {unknown}
Wands
 w - a wand of paralysis (1)
 x - a wand of iceblast (6)
 C - a wand of acid (5)
Scrolls
 d - 11 scrolls of teleportation
 h - 3 scrolls of amnesia
 i - 2 scrolls of fog
 m - 4 scrolls of identify
 s - a scroll of remove curse
 t - a scroll of blinking
Potions
 k - a potion of flight
 l - a potion of ambrosia {unknown}
 u - 2 potions of magic {unknown}
 v - 2 potions of haste {unknown}
 z - a potion of might {unknown}


   Skills:
 - Level 3.4 Fighting
 - Level 4.4(6.7) Short Blades
 * Level 8.0(8.5) Long Blades
 - Level 3.9 Throwing
 - Level 4.0 Armour
 * Level 9.8 Dodging
 - Level 1.9 Stealth
 + Level 1.4 Hexes
 + Level 3.1 Air Magic
 + Level 1.4 Invocations
 + Level 1.0 Evocations


You had 7 spell levels left.
You knew the following spells:

 Your Spells              Type           Power        Failure   Level
a - Summon Small Mammal   Summ           0%           54%         1
b - Sting                 Tmut/Pois      0%           54%         1

Your spell library contained the following spells:

 Spells                   Type           Power        Failure   Level
 Slow                     Hex            5%           47%         2
 Magic Dart               Conj           0%           54%         1
 Blink                    Tloc           N/A          67%         2
 Call Imp                 Summ           0%           67%         2
 Mephitic Cloud           Conj/Pois/Air  3%           77%         3
 Call Canine Familiar     Summ           0%           88%         3
 Conjure Flame            Conj/Fire      0%           88%         3


Dungeon Overview and Level Annotations

Branches:
Dungeon (7/15)
 Temple: D:4-7

Altars:
Fedhas
Gozag
Kikubaaqudgha
Okawaru
Sif Muna
Uskayaw
Wu Jian

Annotations:
D:6 Harold
D:7 1 runed translucent door


Innate Abilities, Weirdness & Mutations

You have a beak for a mouth.
You have claws for feet.
You can fly continuously.
You are very clumsy. (Dex -4)
You are strong-willed. (Will+)


Message History

Harold is moderately wounded.
Harold misses you.
Your ring mail prevents you from hitting Harold.
Your kick misses Harold.
Harold is moderately wounded.
You barely miss Harold.
Harold is moderately wounded.
Harold barely misses you.
You hit Harold.
Harold is moderately wounded.
You hit Harold but do no damage. Your kick misses Harold.
Harold is moderately wounded.
You hit Harold.
Harold is moderately wounded.
Harold hits you with a +0 scimitar!
* * * LOW HITPOINT WARNING * * *
Harold is no longer moving slowly.
Harold fires a harpoon shot at you. The harpoon shot hits you!!
You die...

..#.##.#.# #.##.....#
#.# .........#
#.##.....# #.#
..#.##.#.# #(##.....#
#.# .##.##.#.#
#.##.....####.##
....##.#.#
#.##...........###
###.##.#.#
#@##.#.##.####....
###.##.#.# #.##...#.##
##.## .........#
#.##...#. #.#
###.##†#.# #@##.#.#.
#)# #.##.#.# #.##.#.#.
#.## #.##.#.#
#.##.#.#. #...
#.##.#.# #####'##.#.##
##.## #.##.#.#
#......#.#..######..#
###.##.#.#
#......#.##..).....###
...###.#.#
#......'.............)
##.# #.#.#
#......#.######.#.####
#.# #.#.# #......#.#
#.#.#


You could see Harold (poisoned).

Vanquished Creatures
  Pikel (D:6)
  Prince Ribbit (D:7)
  Eustachio (D:6)
  Edmund (D:6)
  A black bear (D:6)
  An ice beast (D:6)
  2 sky beasts (D:7)
  3 phantoms
  4 ogres
  A centaur (D:7)
  A big kobold (D:7)
  5 bullfrogs (D:6)
  3 scorpions
  A howler monkey (D:5)
  An electric eel (D:6)
  2 jellies
  5 orc priests
  A centaur skeleton (D:7)
  2 bullfrog skeletons
  An iguana (D:4)
  11 orc wizards
  3 worker ants
  A howler monkey zombie (D:5)
  2 worker ant zombies (D:6)
  8 adders
  2 shadow imps
  3 white imps
  3 ufetubi
  2 oozes
  4 worms
  4 dart slugs
  2 leopard geckos
  19 orcs
  11 bats
  9 giant cockroaches
  9 goblins
  5 hobgoblins
  2 jackals (D:6)
  7 quokkas
  2 ball pythons
  2 jackal skeletons
  7 kobolds
  11 rats
167 creatures vanquished.

Vanquished Creatures (others)
  50 plants
50 creatures vanquished.

Grand Total: 217 creatures vanquished

Notes
Turn   | Place    | Note
-------+----------+-------------------------------------------
     0 | D:1      | tizbic2 the Tengu Wanderer began the quest for the Orb.
     0 | D:1      | tizbic2 set off with the following items: a +2 dagger, 2
                  | curare-tipped darts, a scroll of teleportation, a +0 robe;
                  | and the following spell memorised: Summon Small Mammal; and
                  | the following spells available to memorise: Call Canine
                  | Familiar
     0 | D:1      | Reached XP level 1. HP: 12/12 MP: 2/2
   128 | D:1      | Reached XP level 2. HP: 11/17 MP: 3/3
   265 | D:1      | Reached skill level 1 in Dodging
   347 | D:1      | Reached XP level 3. HP: 17/21 MP: 4/4
  1020 | D:2      | Reached skill level 2 in Dodging
  1032 | D:2      | Reached skill level 1 in Armour
  1032 | D:2      | Reached XP level 4. HP: 10/26 MP: 5/5
  1533 | D:2      | Found an iron altar of Okawaru.
  1537 | D:2      | Became a worshipper of Warmaster Okawaru
  1712 | D:2      | Found an opulent altar of Gozag.
  2001 | D:2      | Gained mutation: You can fly continuously. [Tengu growth]
  2001 | D:2      | Reached XP level 5. HP: 11/31 MP: 6/6
  2210 | D:2      | Reached skill level 1 in Short Blades
  2389 | D:2      | Found an ornate altar of the Wu Jian Council.
  2633 | D:3      | Found an ancient bone altar of Kikubaaqudgha.
  2774 | D:4      | Reached XP level 6. HP: 23/36 MP: 7/7
  2832 | D:4      | Found a hide-covered altar of Uskayaw.
  3306 | D:4      | Gained mutation: You are clumsy. (Dex -2) [potion of
                  | mutation]
  3306 | D:4      | Gained mutation: You are very clumsy. (Dex -4) [potion of
                  | mutation]
  3306 | D:4      | Gained mutation: You are strong-willed. (Will+) [potion of
                  | mutation]
  3428 | D:5      | Entered Level 5 of the Dungeon
  3465 | D:5      | Reached skill level 3 in Dodging
  3929 | D:5      | Reached XP level 7. HP: 37/40 MP: 8/8
  4086 | D:5      | Found a blossoming altar of Fedhas.
  4302 | D:5      | Reached * piety under Okawaru
  4474 | D:5      | Found a shimmering blue altar of Sif Muna.
  4496 | D:5      | Identified Sif Muna's Disquisition on Mutagenic Envenoming
  4515 | D:5      | Learned a level 1 spell: Sting
  4690 | D:6      | Noticed Eustachio
  4767 | D:6      | Reached skill level 4 in Dodging
  4767 | D:6      | Reached XP level 8. HP: 26/46 MP: 9/9
  4770 | D:6      | Killed Eustachio
  4770 | D:6      | Reached ** piety under Okawaru
  4853 | D:6      | Reached skill level 5 in Long Blades
  5250 | D:6      | Reached skill level 5 in Dodging
  5369 | D:6      | Reached skill level 6 in Dodging
  5400 | D:6      | Reached XP level 9. HP: 43/51 MP: 10/10
  5437 | D:6      | Noticed Edmund
  5461 | D:6      | Killed Edmund
  5461 | D:6      | Reached *** piety under Okawaru
  5536 | D:6      | Reached skill level 7 in Dodging
  5921 | D:7      | Found a runed translucent door.
  6017 | D:7      | Noticed Pikel
  6112 | D:6      | Killed Pikel
  6113 | D:6      | Reached skill level 8 in Dodging
  6352 | D:7      | Reached **** piety under Okawaru
  6400 | D:7      | Reached skill level 9 in Dodging
  6589 | D:7      | Noticed Prince Ribbit
  6705 | D:7      | Reached skill level 1 in Invocations
  6705 | D:7      | Reached XP level 10. HP: 56/56 MP: 12/12
  6712 | D:7      | Killed Prince Ribbit
  6713 | D:7      | Reached skill level 1 in Evocations
  6755 | D:7      | Noticed Harold
  6810 | D:6      | Killed from afar by Harold

Illustrated notes

Levels and vault maps discovered:
D:1:      ncdulo_watergridlock, layout_basic, chequers_serial_rivers_micro_b,
          kennysheep_flooded_box
D:2:      layout_loops_corners, nzn_wu_jian_council_hall, marbit_many_paths,
          grunt_gozag_breadcrumbs, minmay_3d_cube
D:3:      layout_basic, makhleb_blood_cavern_becter, general_overflow_altar,
          serial_bayou, serial_bayou_lagoon_a, serial_bayou_pond_b,
          serial_bayou_shore_a, serial_bayou_crossing
D:4:      layout_cave_pods, lemuel_crystal_altar, lemuel_temple_firewalk_b,
          corexii_shack
D:5:      layout_basic, fedhas_ov_isle_minmay, lemuel_doored_altar,
          led_sif_book, nicolae_ru_the_path_less_chosen, nrook_mini_vaults
D:6:      layout_basic, serial_bayou_pond_b, chei_slow_surprise, uniq_eustachio,
          uniq_edmund
D:7:      layout_gridville, gammafunk_ghost_arena, kennysheep_cross_bottleneck,
          lightli_church_of_beogh, uniq_harold, uniq_pikel, uniq_prince_ribbit1,
          uniq_maggie

Skill      XL: |  1  2  3  4  5  6  7  8  9 10 |
---------------+-------------------------------+-----
Dodging        | 1 2 3 4 6 9 |  9.8
Air Magic      | 3 |  3.1
Armour         | 1 2 3 4 |  4.0
Long Blades    | 3 4 6 7 8 |  8.0
Short Blades   | 1 2 3 4 |  4.4
Throwing       | 3 |  3.9
Fighting       | 3 |  3.4
Invocations    | 1 |  1.4
Evocations     | 1 |  1.0
Stealth        | |  1.9
Hexes          | |  1.4

Action                   |  1- 3 |  4- 6 |  7- 9 | 10-12 || total
-------------------------+-------+-------+-------+-------++-------
Melee: Dagger            |    85 |   136 |   323 |    17 ||   561
       Kick              |    17 |    21 |    74 |     5 ||   117
       Peck              |    11 |    13 |    45 |     1 ||    70
Throw: Dart              |     1 |       |    33 |     3 ||    37
       Stone             |    18 |    56 |    58 |       ||   132
       Javelin           |       |       |     1 |       ||     1
 Cast: Summon Small Mamm |     1 |       |     1 |       ||     2
Invok: Heroism           |       |       |     1 |       ||     1
 Abil: Fly               |       |     1 |       |       ||     1
Evoke: Wand              |       |       |     2 |     1 ||     3
  Use: Scroll            |     2 |     6 |     2 |       ||    10
       Potion            |     1 |     7 |     1 |     1 ||    10
 Stab: Sleeping          |       |     2 |       |       ||     2
Armor: Ring mail         |    12 |    43 |    65 |       ||   120
       Robe              |     1 |       |       |       ||     1
       Skin              |       |     7 |       |       ||     7
Dodge: Dodged            |    31 |    94 |   244 |    10 ||   379
